 Dungeon Crawl Stone Soup version 0.30-a0-34-gbe8da3892a (webtiles) character file.

Game seed: 1043537700743389058

5 ytrimaz the Insei (level 1, 0/13 HPs)
             Began as an Octopode Transmuter on Aug 28, 2022.
             Slain by a kobold
             ... wielding a +0 whip
              (2 damage)
             ... on level 1 of the Dungeon.
             The game lasted 00:00:09 (61 turns).

ytrimaz the Insei (Octopode Transmuter)               Turns: 61, Time: 00:00:10

Health: 0/13       AC:  1    Str:  9    XL:     1   Next: 80%
Magic:  3/3        EV: 13    Int: 15    God:
Gold:   0          SH:  0    Dex: 12    Spells: 3/4 levels left

rFire   . . .      SeeInvis .      - Unarmed
rCold   . . .      Faith    .    (no shield)
rNeg    . . .      Spirit   .    (helmet currently unavailable)
rPois   .          Reflect  .    (no amulet)
rElec   .          Harm     .    (no ring)
rCorr   .          Rampage  .    (no ring)
Will    .....                    (no ring)
Stlth   ++........               (no ring)
HPRegen 0.04/turn                (no ring)
MPRegen 0.08/turn                (no ring)
                                 (no ring)
                                 (no ring)

@: appendages (expiring)
A: tentacle spike 3, almost no armour, amphibious, 8 rings, camouflage 1,
gelatinous body 1, (nimble swimmer 1), tentacles
a: End Transformation


You were on level 1 of the Dungeon.
One of your tentacles had grown a beastly spike.
You visited 1 branch of the dungeon, and saw 1 of its levels.

Inventory:

Potions
 a - a potion of lignification


   Skills:
 - Level 1.0 Fighting
 - Level 2.0 Dodging
 + Level 3.4 Unarmed Combat
 - Level 2.0 Spellcasting
 - Level 2.0 Transmutations


You had 3 spell levels left.
You knew the following spells:

 Your Spells              Type           Power      Damage    Failure   Level
a - Beastly Appendage     Tmut           14%        N/A       10%         1

Your spell library contained the following spells:

 Spells                   Type           Power      Damage    Failure   Level
 Wereblood                Tmut           7%         N/A       14%         2
 Spider Form              Tmut/Pois      4%         N/A       41%         3
 Ice Form                 Ice/Tmut       4%         N/A       82%         4


Dungeon Overview and Level Annotations

Branches:
Dungeon (1/15)

Altars:


Innate Abilities, Weirdness & Mutations

One of your tentacles has grown a beastly spike.
You cannot wear most types of armour.
You are amphibious.
You can wear up to eight rings at the same time.
Your skin changes colour to match your surroundings (Stealth+).
Your rubbery body absorbs attacks. (AC +1, EV +1)
((You are camouflaged when in or above water. (Stealth+)))
You have tentacles for arms and can constrict up to eight enemies at once.


Message History

The kobold shouts!
Your grab misses the bat.
You pierce the bat, but do no damage.
The bat barely misses you. The bat misses you.
The jackal attacks as you move away! The jackal bites you.
You tentacle-slap the jackal. You grab the jackal.
You pierce the jackal.
You kill the jackal!
You barely miss the ball python. Your grab misses the ball python.
You pierce the ball python, but do no damage.
Your transformation is almost over.
The ball python bites you. The ball python closely misses you.
You closely miss the ball python. Your grab misses the ball python.
The ball python bites you. The ball python closely misses you.
The ball python misses you. The ball python grabs you.
The ball python constricts you.
You tentacle-slap the ball python. You grab the ball python.
You pierce the ball python.
You kill the ball python!
The bat barely misses you. The bat completely misses you.
You are too injured to fight recklessly!
Unknown command.
You miss the bat. Your grab misses the bat.
You pierce the bat.
You kill the bat!
You are too injured to fight recklessly!
You barely miss the jackal. You grab the jackal. You squeeze the jackal.
You kill the jackal!
You are too injured to fight recklessly!
The kobold hits you with a +0 whip.
* * * LOW HITPOINT WARNING * * *
Things that are here:
a bat corpse; a jackal corpse Unknown command.
You are too injured to fight recklessly!
You closely miss the kobold. Your grab misses the kobold.
Your tentacle spike misses the kobold.
Your squeeze misses the kobold. The kobold closely misses you.
You are too injured to fight recklessly!
You tentacle-slap the kobold but do no damage.
Your grab misses the kobold. The kobold hits you with a +0 whip.
You die...

.........#.....#
$##...# .........+
.. $. .......
###.##.#.# ....
.#....# #..#...#
.#.#....... #....#.#
..........
##.....##.###.......
#....###........#
#.##.###### #K#
#.##......# #@#
#.#######.###.# #.#
#.....#.# #.#
#.......# #.#
#.......# #.
#.......# #.......#
...####..# .##. ##.#


You could see a kobold.

Vanquished Creatures
  An endoplasm (D:1)
  2 jackals (D:1)
  A ball python (D:1)
  A bat (D:1)
5 creatures vanquished.

Notes
Turn   | Place    | Note
-------+----------+-------------------------------------------
     0 | D:1      | ytrimaz the Octopode Transmuter began the quest for the
                  | Orb.
     0 | D:1      | Reached XP level 1. HP: 13/13 MP: 3/3
    61 | D:1      | Slain by a kobold

Illustrated notes

Levels and vault maps discovered:
D:1:      saegor_arrival_simple_c, layout_basic,
          dreamdust_ecumenical_altar_angels_and_demons

Action                   || total
-------------------------++-------
Melee: Unarmed           ||    10
       Kick              ||     6
       Constrict         ||     3
       Tentacles         ||     1
 Cast: Beastly Appendage ||     2
Dodge: Dodged            ||     8

Table legend: (Time is in decaauts)
 A = Elapsed time spent in this place.
 B = Non-inter-level travel time spent in this place.
 C = Inter-level travel time spent in this place.
 D = Time resting spent in this place.
 E = Time spent auto-exploring this place.
 F = Levels seen in this place.
 G = Mean time per level.
                   A        B        C        D        E       F      G
               +--------+--------+--------+--------+--------+-----+--------+
         Total |     60 |     60 |      0 |      0 |     38 |   1 |   60.0 |
       Dungeon |     60 |     60 |      0 |      0 |     38 |   1 |   60.0 |
               +--------+--------+--------+--------+--------+-----+--------+

Top non-repeatable levels by time:
     D:1: 60 daAuts
